[Event "45th FIDE Womens Olympiad 2024"]
[Site "Budapest"]
[Date "2024.09.16"]
[Round "6.153"]
[White "Stojkovska, Monika"]
[Black "Samaganova, Aleksandra"]
[Result "1/2-1/2"]
[ECO "A96"]
[WhiteElo "2043"]
[BlackElo "1948"]
[PlyCount "73"]
[EventDate "2024.09.05"]
[EventType "team-tourn"]
[EventCountry "HUN"]
[WhiteTeam "North Macedonia"]
[BlackTeam "Kyrgyzstan"]
[BlackTeamCountry "KGZ"]
[TimeControl "40/5400+30:1800+30"]

1. d4 e6 2. c4 f5 3. Nf3 Nf6 4. g3 Be7 5. Bg2 O-O 6. O-O d6 7. Nc3 Ne4 8. Qc2 Nxc3 9. bxc3 Nc6 10. d5 Na5 11. dxe6 Bxe6 12. Nd4 Bxc4 13. Nxf5 Bf6 14. Rb1 Rb8 15. Ne3 Bf7 16. Be4 h6 17. c4 Nc6 18. Nd5 Nd4 19. Qd3 Ne6 20. Be3 b6 21. Qc2 a5 22. Qd2 Bg5 23. f4 Bf6 24. Bg2 Nc5 25. Bd4 Bxd4+ 26. Qxd4 Ne6 27. Qc3 Bh5 28. e4 c5 29. Bf3 Bxf3 30. Qxf3 Nd4 31. Qg4 Qe8 32. Rfe1 Nc2 33. Re2 Nd4 34. Ree1 Nc2 35. Re2 Nd4 36. Ree1 Nc2 37. Re2 1/2-1/2

[Event "45th FIDE Womens Olympiad 2024"]
[Site "Budapest"]
[Date "2024.09.16"]
[Round "6.154"]
[White "Zhanybekova, Begimay"]
[Black "Manova, Ivana"]
[Result "0-1"]
[ECO "C45"]
[WhiteElo "1784"]
[BlackElo "2032"]
[PlyCount "102"]
[EventDate "2024.09.05"]
[EventType "team-tourn"]
[EventCountry "HUN"]
[WhiteTeam "Kyrgyzstan"]
[BlackTeam "North Macedonia"]
[WhiteTeamCountry "KGZ"]
[TimeControl "40/5400+30:1800+30"]

1. e4 e5 2. Nf3 Nc6 3. d4 exd4 4. Nxd4 Bc5 5. Nb3 Bb6 6. Nc3 d6 7. Qe2 Nge7 8. Be3 O-O 9. O-O-O Qe8 10. f3 f5 11. exf5 Bxf5 12. g4 Bd7 13. Kb1 Ne5 14. Bg2 Bc6 15. Rhf1 N7g6 16. Bh1 Bxe3 17. Qxe3 Nxf3 18. Qc1 Nxh2 19. Rfe1 Ne5 20. Nd5 Qf7 21. Be4 Nexg4 22. Ne7+ Kh8 23. Nxc6 bxc6 24. Bxc6 Rab8 25. Qg5 Ne5 26. Bd5 Nhf3 27. Qc1 Qf4 28. Rh1 Qxc1+ 29. Kxc1 Rf4 30. Nd2 Nxd2 31. Rxd2 Rbf8 32. Rh3 c6 33. Bg2 Rf2 34. Be4 Rf1+ 35. Rd1 g6 36. Rc3 d5 37. Bg2 Rxd1+ 38. Kxd1 Rf2 39. Re3 Nc4 40. Re8+ Kg7 41. b3 Kf7 42. Re1 Rxg2 43. bxc4 Rg4 44. cxd5 Rd4+ 45. Kc1 cxd5 46. Re3 a5 47. Rb3 h5 48. Rb5 a4 49. c3 Rc4 50. Rxd5 Rxc3+ 51. Kb2 Rc4 {0-} 0-1

[Event "45th FIDE Womens Olympiad 2024"]
[Site "Budapest"]
[Date "2024.09.16"]
[Round "6.155"]
[White "Zhezhovska, Monika"]
[Black "Lesbekova, Assel"]
[Result "1/2-1/2"]
[ECO "E35"]
[WhiteElo "2107"]
[BlackElo "1903"]
[PlyCount "119"]
[EventDate "2024.09.05"]
[EventType "team-tourn"]
[EventCountry "HUN"]
[WhiteTeam "North Macedonia"]
[BlackTeam "Kyrgyzstan"]
[BlackTeamCountry "KGZ"]
[TimeControl "40/5400+30:1800+30"]

1. d4 Nf6 2. c4 e6 3. Nc3 Bb4 4. Qc2 d5 5. cxd5 exd5 6. Bg5 Be6 7. e3 Nbd7 8. Nf3 c5 9. dxc5 Qa5 10. Bd3 Ne4 11. O-O Nxc3 12. bxc3 Bxc5 13. Nd4 Bxd4 14. cxd4 h6 15. Bf4 O-O 16. Rab1 Rfc8 17. Qe2 Nb6 18. Qh5 Qa3 19. Rbd1 Qf8 20. g4 Rc6 21. g5 g6 22. Qxh6 Qxh6 23. gxh6 Bh3 24. Rfe1 Bg4 25. Rc1 Rac8 26. e4 Be6 27. e5 Rc3 28. Bb1 Na4 29. Rxc3 Nxc3 30. Kg2 b6 31. h4 b5 32. a3 Rc4 33. Be3 Ra4 34. Bd3 Rxa3 35. h5 Kh7 36. Rh1 Ne4 37. hxg6+ fxg6 38. Bxb5 Bf5 39. Bc6 Nc3 40. Rc1 Be4+ 41. Kh3 Ne2 42. Rc5 Ra1 43. Kh4 Rg1 44. Bxd5 g5+ 45. Bxg5 Rh1+ 46. Kg4 Rg1+ 47. Kh5 Rh1+ 48. Bh4 Bxd5 49. Rc7+ Kg8 50. h7+ Kh8 51. Kg4 Rg1+ 52. Bg3 Be6+ 53. Kg5 Rh1 54. Rxa7 Rxh7 55. Ra8+ Kg7 56. Ra7+ Kg8 57. Ra8+ Kf7 58. Ra7+ Kg8 59. Ra8+ Kf7 60. Ra7+ 1/2-1/2

[Event "45th FIDE Womens Olympiad 2024"]
[Site "Budapest"]
[Date "2024.09.16"]
[Round "6.156"]
[White "Sezdbekova, Aizhan"]
[Black "Eftovska, Lea"]
[Result "1-0"]
[ECO "C30"]
[WhiteElo "1799"]
[BlackElo "1841"]
[PlyCount "57"]
[EventDate "2024.09.05"]
[EventType "team-tourn"]
[EventCountry "HUN"]
[WhiteTeam "Kyrgyzstan"]
[BlackTeam "North Macedonia"]
[WhiteTeamCountry "KGZ"]
[TimeControl "40/5400+30:1800+30"]

1. e4 e5 2. Nc3 Nf6 3. f4 d6 4. Nf3 Nbd7 5. d3 Be7 6. Be2 c6 7. O-O b5 8. a3 Qb6+ 9. Kh1 O-O 10. Qe1 Ng4 11. Bd1 Ngf6 12. Be3 Qc7 13. d4 exd4 14. Nxd4 Nc5 15. Bf3 Ne8 16. Nxc6 Qxc6 17. e5 Qa6 18. Bxa8 Nc7 19. Bxc5 dxc5 20. Be4 Qh6 21. Qe3 Be6 22. Rad1 f6 23. Nd5 Nxd5 24. Bxd5 Bxd5 25. Rxd5 fxe5 26. Rxe5 Bf6 27. Re8 Bd4 28. Qb3+ c4 29. Qxb5 1-0

[Event "45th FIDE Womens Olympiad 2024"]
[Site "Budapest"]
[Date "2024.09.16"]
[Round "6.157"]
[White "Serina, Arafat"]
[Black "Dornbusch, Tatiana"]
[Result "0-1"]
[ECO "A48"]
[WhiteElo "1552"]
[BlackElo "2212"]
[PlyCount "64"]
[EventDate "2024.09.05"]
[EventType "team-tourn"]
[EventCountry "HUN"]
[WhiteTeam "Jordan"]
[BlackTeam "Monaco"]
[WhiteTeamCountry "JOR"]
[BlackTeamCountry "MNC"]
[TimeControl "40/5400+30:1800+30"]

1. d4 c5 2. e3 Nf6 3. Nf3 g6 4. b3 Bg7 5. Bb2 O-O 6. Be2 d5 7. Nbd2 cxd4 8. exd4 Nc6 9. O-O Bf5 10. a3 Rc8 11. c4 Ne4 12. Ne5 Nxe5 13. dxe5 Nxd2 14. Qxd2 dxc4 15. Qxd8 Rfxd8 16. Bxc4 b5 17. Bxb5 Rc2 18. Bc1 Bxe5 19. Be3 Bxa1 20. Rxa1 a5 21. a4 Be6 22. Bb6 Ra8 23. Rb1 Rc3 24. h3 Rxb3 25. Rxb3 Bxb3 26. Kh2 Kf8 27. Kg3 Rc8 28. Kh4 Bxa4 29. Bxa4 Rc4+ 30. Kg3 Rxa4 31. f3 Ra2 32. Bd4 a4 {0-} 0-1

[Event "45th FIDE Womens Olympiad 2024"]
[Site "Budapest"]
[Date "2024.09.16"]
[Round "6.158"]
[White "Zvereva, Marija"]
[Black "Jeda, Helal"]
[Result "1-0"]
[ECO "A00"]
[WhiteElo "2035"]
[BlackElo "1569"]
[PlyCount "95"]
[EventDate "2024.09.05"]
[EventType "team-tourn"]
[EventCountry "HUN"]
[WhiteTeam "Monaco"]
[BlackTeam "Jordan"]
[WhiteTeamCountry "MNC"]
[BlackTeamCountry "JOR"]
[TimeControl "40/5400+30:1800+30"]

1. e4 c6 2. d3 d5 3. Nd2 e5 4. g3 Nf6 5. Bg2 Bg4 6. Ngf3 Bd6 7. h3 Be6 8. O-O Nbd7 9. a4 a5 10. Re1 O-O 11. Ng5 h6 12. Nxe6 fxe6 13. Nf1 Nh7 14. Nh2 Bc5 15. Be3 Qb6 16. Ng4 Rf7 17. Bxc5 Qxc5 18. h4 Raf8 19. Rf1 Nhf6 20. Ne3 Nb6 21. Qe2 Kh8 22. Kh2 Qd6 23. b3 Nfd7 24. Rad1 Kg8 25. Bh3 Qe7 26. f3 Nc5 27. Ng4 Ncd7 28. Rd2 c5 29. Qd1 Rc8 30. Rdf2 c4 31. exd5 exd5 32. dxc4 dxc4 33. Ne3 cxb3 34. Nf5 Qf8 35. Nd6 bxc2 36. Qd2 c1=Q 37. Rxc1 Rxc1 38. Nxf7 Rc7 39. Be6 Kh7 40. Qd3+ g6 41. h5 Qg7 42. hxg6+ Kg8 43. Nxe5+ Kh8 44. Nf7+ Kg8 45. Nd6+ Kf8 46. Nf5 Qxg6 47. Qd6+ Ke8 48. Qe7# 1-0

[Event "45th FIDE Womens Olympiad 2024"]
[Site "Budapest"]
[Date "2024.09.16"]
[Round "6.159"]
[White "Boshra, Alshaeby"]
[Black "Berezovska, Svetlana"]
[Result "1/2-1/2"]
[ECO "B28"]
[WhiteElo "1939"]
[BlackElo "1869"]
[PlyCount "47"]
[EventDate "2024.09.05"]
[EventType "team-tourn"]
[EventCountry "HUN"]
[WhiteTeam "Jordan"]
[BlackTeam "Monaco"]
[WhiteTeamCountry "JOR"]
[BlackTeamCountry "MNC"]
[TimeControl "40/5400+30:1800+30"]

1. e4 c5 2. Nf3 a6 3. c4 Nc6 4. d4 cxd4 5. Nxd4 e5 6. Nf5 d5 7. cxd5 Bxf5 8. exf5 Nd4 9. Bd3 Nf6 10. O-O Bd6 11. Bg5 O-O 12. Nc3 Be7 13. Bxf6 Bxf6 14. Qg4 b5 15. Rad1 Rc8 16. Ne4 Kh8 17. d6 Qd7 18. f4 Nc2 19. Rf3 Qa7+ 20. Kh1 Ne3 21. Qh5 Nxd1 22. Qxh7+ Kxh7 23. Nxf6+ gxf6 24. Rh3+ 1/2-1/2

[Event "45th FIDE Womens Olympiad 2024"]
[Site "Budapest"]
[Date "2024.09.16"]
[Round "6.160"]
[White "Dubois, Martine"]
[Black "Ruba, Al-Qudah"]
[Result "1-0"]
[ECO "B22"]
[WhiteElo "1816"]
[BlackElo "1937"]
[PlyCount "75"]
[EventDate "2024.09.05"]
[EventType "team-tourn"]
[EventCountry "HUN"]
[WhiteTeam "Monaco"]
[BlackTeam "Jordan"]
[WhiteTeamCountry "MNC"]
[BlackTeamCountry "JOR"]
[TimeControl "40/5400+30:1800+30"]

1. e4 c5 2. c3 Nf6 3. e5 Nd5 4. d4 cxd4 5. cxd4 Nc6 6. Nf3 d6 7. Bc4 Nb6 8. Bb3 dxe5 9. d5 Na5 10. Nc3 Nxb3 11. Qxb3 f6 12. Be3 g6 13. O-O Kf7 14. Rfd1 Bg4 15. Ne4 Kg7 16. Nc5 Qe8 17. a4 Nc8 18. h3 Bxf3 19. gxf3 Rb8 20. Na6 bxa6 21. Qxb8 Kf7 22. Rac1 Bg7 23. Qb3 Nd6 24. Rc7 Qb8 25. Qxb8 Rxb8 26. Bc5 Nf5 27. d6 Rd8 28. Rxa7 Ke6 29. d7 Nd6 30. Rxa6 Rxd7 31. b4 Bf8 32. b5 Rc7 33. Be3 Kd7 34. b6 Rb7 35. Ra7 Kc8 36. Ra8+ Rb8 37. Rc1+ Kb7 38. Ra7# 1-0

[Event "45th FIDE Womens Olympiad 2024"]
[Site "Budapest"]
[Date "2024.09.16"]
[Round "6.161"]
[White "Gabatshwarwe, Refilwe"]
[Black "Arakhamia-Grant, Ketevan"]
[Result "0-1"]
[ECO "E73"]
[WhiteElo "1787"]
[BlackElo "2263"]
[PlyCount "182"]
[EventDate "2024.09.05"]
[EventType "team-tourn"]
[EventCountry "HUN"]
[WhiteTeam "Botswana"]
[BlackTeam "Scotland"]
[WhiteTeamCountry "BOT"]
[BlackTeamCountry "SCO"]
[TimeControl "40/5400+30:1800+30"]

1. d4 Nf6 2. c4 g6 3. Nc3 Bg7 4. e4 d6 5. Be2 O-O 6. Be3 Na6 7. h3 c5 8. e5 Nd7 9. exd6 exd6 10. Nf3 Nc7 11. O-O Re8 12. Qd2 a6 13. Rfd1 Ne6 14. a4 b6 15. Ra3 Qe7 16. Nd5 Qf8 17. Bf1 Bb7 18. a5 bxa5 19. Qxa5 Rab8 20. b3 Rec8 21. Qd2 Rd8 22. Be2 Re8 23. Bf1 h6 24. Rb1 Kh7 25. Ra2 Qh8 26. dxc5 Ndxc5 27. Rc2 Ne4 28. Qc1 a5 29. Qa3 Ra8 30. Bb6 Nc3 31. Nxc3 Bxc3 32. Qxd6 Bb4 33. Qd7 Re7 34. Qd1 Qf6 35. Be3 Rd8 36. Qc1 Be4 37. Ra2 Bxb1 38. Qxb1 Red7 39. Be2 Nf4 40. Bxf4 Qxf4 41. g3 Qf6 42. Kg2 Kg7 43. Rc2 Bc5 44. Ra2 Bb4 45. Rc2 Rc7 46. h4 Rc5 47. Qb2 Qxb2 48. Rxb2 Kf6 49. Rb1 Rc7 50. Rc1 Re7 51. Bf1 Bc5 52. Ra1 Ra7 53. Be2 Ke6 54. Ra2 Bb4 55. Ra1 f6 56. g4 Rc7 57. Kg3 Kf7 58. g5 Re7 59. Bf1 hxg5 60. hxg5 f5 61. c5 Re4 62. Nh2 Bxc5 63. Bc4+ Kg7 64. Rxa5 Bd6+ 65. Kg2 Re7 66. Rd5 Bc7 67. Rxd8 Bxd8 68. Nf1 Re4 69. Nd2 Rg4+ 70. Kf1 Bxg5 71. Nf3 Bf6 72. Ke2 Re4+ 73. Kf1 g5 74. Nd2 Rd4 75. Nf3 Rd6 76. Ne1 Bc3 77. Nf3 Kf6 78. Ng1 Rd1+ 79. Kg2 Rb1 80. Ne2 Be5 81. Ng3 Rb2 82. Nh5+ Kg6 83. Ng3 Bd6 84. Be6 Kf6 85. Bc4 Bc5 86. Ne2 g4 87. f3 Kg5 88. fxg4 Kxg4 89. Kf1 f4 90. Ke1 f3 91. Nc1 Be3 {0-} 0-1

[Event "45th FIDE Womens Olympiad 2024"]
[Site "Budapest"]
[Date "2024.09.16"]
[Round "6.163"]
[White "Mosweu, Atlang Amolemo"]
[Black "Giulian, Rosemary A"]
[Result "0-1"]
[ECO "E11"]
[WhiteElo "1797"]
[BlackElo "1922"]
[PlyCount "114"]
[EventDate "2024.09.05"]
[EventType "team-tourn"]
[EventCountry "HUN"]
[WhiteTeam "Botswana"]
[BlackTeam "Scotland"]
[WhiteTeamCountry "BOT"]
[BlackTeamCountry "SCO"]
[TimeControl "40/5400+30:1800+30"]

1. d4 e6 2. c4 Nf6 3. Nc3 Bb4 4. Bd2 O-O 5. Nf3 a5 6. e3 b6 7. Bd3 Bb7 8. O-O d5 9. cxd5 exd5 10. Rc1 Ne4 11. a3 Be7 12. Ne2 g6 13. Bc3 Nxc3 14. Rxc3 Nd7 15. Qd2 Nf6 16. Ng3 Ne4 17. Bxe4 dxe4 18. Ne5 c5 19. Rc2 f6 20. Nc4 b5 21. Qc3 bxc4 22. dxc5 Qd3 23. Rfc1 Qxc3 24. Rxc3 f5 25. Rxc4 Ba6 26. R4c2 Bd3 27. Rd2 Rfc8 28. b4 axb4 29. axb4 Rab8 30. Ne2 Bxe2 31. Rxe2 Rxb4 32. Rec2 Rxc5 33. Rxc5 Bxc5 34. g3 Rb5 35. Kg2 Bb6 36. Rc2 Rc5 37. Rd2 Rc3 38. Rb2 Rc6 39. Kf1 Rd6 40. Kg2 Kf7 41. Rc2 Rd3 42. Rb2 Bxe3 43. fxe3 Rxe3 44. Rb7+ Kg8 45. Rb2 Rd3 46. Kf1 Rd7 47. Ke2 Kg7 48. Kf2 Kf6 49. Ke2 Kg5 50. Kf2 Rd6 51. Kg2 Re6 52. Rf2 Kf6 53. Rc2 g5 54. Rf2 Ke5 55. Rb2 f4 56. Rb5+ Kf6 57. gxf4 gxf4 {0-} 0-1

[Event "45th FIDE Womens Olympiad 2024"]
[Site "Budapest"]
[Date "2024.09.16"]
[Round "6.164"]
[White "Bhatia, Kanishka"]
[Black "Rebatenne, Boitshepo"]
[Result "1-0"]
[ECO "D13"]
[WhiteElo "1908"]
[BlackElo "1696"]
[PlyCount "157"]
[EventDate "2024.09.05"]
[EventType "team-tourn"]
[EventCountry "HUN"]
[WhiteTeam "Scotland"]
[BlackTeam "Botswana"]
[WhiteTeamCountry "SCO"]
[BlackTeamCountry "BOT"]
[TimeControl "40/5400+30:1800+30"]

1. d4 d5 2. c4 c6 3. cxd5 cxd5 4. Nc3 Nf6 5. Nf3 Bf5 6. Bg5 e6 7. e3 Be7 8. Bb5+ Nbd7 9. Ne5 O-O 10. Nxd7 Nxd7 11. Bxe7 Qxe7 12. Bd3 Bxd3 13. Qxd3 a6 14. O-O Rac8 15. Rfe1 Nf6 16. a3 Qd7 17. Rad1 Rc7 18. f3 Rfc8 19. e4 dxe4 20. fxe4 Rd8 21. Rf1 b5 22. Qg3 Ne8 23. d5 Qe7 24. dxe6 fxe6 25. Rxd8 Qxd8 26. Qe5 Qd6 27. Qg5 Qc5+ 28. Qxc5 Rxc5 29. Rd1 Rc7 30. Kf2 Kf7 31. Ke3 Ke7 32. e5 Rc5 33. Kd4 Rc4+ 34. Ke3 Rc5 35. Ke4 Rc4+ 36. Rd4 Rc6 37. h3 Nc7 38. Kd3 Na8 39. Ne4 Nc7 40. Nc3 Rc5 41. Rg4 Kf7 42. Rf4+ Ke7 43. Re4 Na8 44. a4 Nc7 45. b4 Rc6 46. axb5 axb5 47. Re2 Ra6 48. Ra2 Rxa2 49. Nxa2 Kd7 50. Kd4 Kc6 51. Nc1 Nd5 52. Nd3 g5 53. g3 h5 54. h4 gxh4 55. gxh4 Ne7 56. Nc5 Nf5+ 57. Ke4 Ng7 58. Nb3 Nf5 59. Nd4+ Nxd4 60. Kxd4 Kb6 61. Ke3 Kc7 62. Kf4 Kc6 63. Kg5 Kd5 64. Kf6 Kc4 65. Kxe6 Kxb4 66. Kd6 Kc3 67. e6 b4 68. e7 b3 69. e8=Q b2 70. Qc8+ Kd2 71. Qb7 Kc2 72. Ke5 b1=Q 73. Qxb1+ Kxb1 74. Kf5 Kc2 75. Kg5 Kd3 76. Kxh5 Ke4 77. Kg5 Ke5 78. h5 Ke6 79. Kg6 1-0

[Event "45th FIDE Womens Olympiad 2024"]
[Site "Budapest"]
[Date "2024.09.16"]
[Round "6.165"]
[White "Noshin, Anjum"]
[Black "Quevedo, Andreina"]
[Result "1/2-1/2"]
[ECO "C77"]
[WhiteElo "2085"]
[BlackElo "1851"]
[PlyCount "60"]
[EventDate "2024.09.05"]
[EventType "team-tourn"]
[EventCountry "HUN"]
[WhiteTeam "Bangladesh"]
[BlackTeam "Uruguay"]
[WhiteTeamCountry "BAN"]
[BlackTeamCountry "URU"]
[TimeControl "40/5400+30:1800+30"]

1. e4 e5 2. Nf3 Nc6 3. Bb5 a6 4. Ba4 Nf6 5. d3 d6 6. c3 g6 7. O-O Bg7 8. Re1 O-O 9. Nbd2 b5 10. Bb3 Na5 11. Bc2 c5 12. Nf1 Qc7 13. Ng3 Bb7 14. Nh4 d5 15. Qf3 dxe4 16. dxe4 Nc4 17. b3 Nd6 18. Qe2 Nd7 19. Rd1 Rfd8 20. Bg5 f6 21. Be3 c4 22. b4 a5 23. a3 Nf8 24. f3 Ne6 25. Qf2 Nc8 26. Rxd8+ Qxd8 27. Rd1 Qe7 28. Qd2 Bc6 29. Ne2 axb4 30. axb4 Kf7 1/2-1/2

[Event "45th FIDE Womens Olympiad 2024"]
[Site "Budapest"]
[Date "2024.09.16"]
[Round "6.166"]
[White "Fabra, Nahiara"]
[Black "Ahmed, Walijah"]
[Result "0-1"]
[ECO "B21"]
[WhiteElo "1932"]
[BlackElo "1936"]
[PlyCount "100"]
[EventDate "2024.09.05"]
[EventType "team-tourn"]
[EventCountry "HUN"]
[WhiteTeam "Uruguay"]
[BlackTeam "Bangladesh"]
[WhiteTeamCountry "URU"]
[BlackTeamCountry "BAN"]
[TimeControl "40/5400+30:1800+30"]

1. e4 c5 2. Nf3 e6 3. d4 cxd4 4. c3 dxc3 5. Nxc3 Nc6 6. Bc4 a6 7. O-O Nge7 8. Bg5 h6 9. Bh4 g5 10. Bg3 Ng6 11. Nd5 d6 12. Ne3 Be7 13. Re1 Kf8 14. h3 h5 15. a3 b5 16. Bb3 Bb7 17. Qd2 Nge5 18. Nxe5 dxe5 19. Qc3 Qd4 20. Rad1 Qxc3 21. bxc3 Rd8 22. Rxd8+ Bxd8 23. a4 Ke7 24. axb5 axb5 25. c4 b4 26. Ba4 f6 27. f3 Bb6 28. Bf2 Nd4 29. Nc2 Nxc2 30. Bxc2 Bxf2+ 31. Kxf2 Ra8 32. Bb3 Ra3 33. Rb1 Ba6 34. Kg3 Kd6 35. c5+ Kxc5 36. Rc1+ Kd6 37. Rd1+ Ke7 38. Rb1 Bd3 39. Rb2 Kd6 40. Bxe6 Kxe6 41. Rxb4 Ra2 42. Rb6+ Kf7 43. h4 Bf1 44. hxg5 Rxg2+ 45. Kh4 Rxg5 46. Rb7+ Kg6 47. Rb8 Be2 48. Rb3 Bxf3 49. Rxf3 Rg4+ 50. Kh3 Rxe4 {0-} 0-1

[Event "45th FIDE Womens Olympiad 2024"]
[Site "Budapest"]
[Date "2024.09.16"]
[Round "6.167"]
[White "Wadifa, Ahmed"]
[Black "Cardozo, Camila"]
[Result "1-0"]
[ECO "C03"]
[WhiteElo "1988"]
[BlackElo "1673"]
[PlyCount "111"]
[EventDate "2024.09.05"]
[EventType "team-tourn"]
[EventCountry "HUN"]
[WhiteTeam "Bangladesh"]
[BlackTeam "Uruguay"]
[WhiteTeamCountry "BAN"]
[BlackTeamCountry "URU"]
[TimeControl "40/5400+30:1800+30"]

1. e4 e6 2. d4 d5 3. Nd2 Be7 4. Bd3 c5 5. c3 cxd4 6. cxd4 dxe4 7. Nxe4 Nf6 8. Nf3 O-O 9. O-O Nxe4 10. Bxe4 Nd7 11. Bf4 Nf6 12. Bc2 b6 13. Qe2 Bb7 14. Rad1 Rc8 15. Bb1 Qd5 16. Rfe1 Bb4 17. Rf1 Rfd8 18. a3 Be7 19. Rfe1 Qb3 20. Ne5 Qd5 21. f3 Qa5 22. Nxf7 Re8 23. Ng5 Bf8 24. Be5 h6 25. Bxf6 hxg5 26. Qd3 Qf5 27. Qxf5 exf5 28. Bxg5 g6 29. Rxe8 Rxe8 30. Rc1 Bd5 31. Kf2 Bg7 32. Be3 a6 33. g3 b5 34. Rc5 Bc4 35. Rc6 Re6 36. Rc8+ Kf7 37. h4 Rd6 38. h5 gxh5 39. Bxf5 Bxd4 40. Bxd4 Rxd4 41. Ke3 Rd1 42. Rc6 Kg7 43. Rg6+ Kf7 44. Rc6 Kg7 45. Rxa6 Re1+ 46. Kf4 Rf1 47. Be4 Rf2 48. b4 Rg2 49. Rg6+ Kf7 50. Rh6 Ra2 51. Rxh5 Rxa3 52. Rh7+ Kf6 53. g4 Rb3 54. Bf5 Bf7 55. g5+ Ke7 56. g6 1-0

[Event "45th FIDE Womens Olympiad 2024"]
[Site "Budapest"]
[Date "2024.09.16"]
[Round "6.168"]
[White "Altesor, Caterina"]
[Black "Hamid, Rani"]
[Result "0-1"]
[ECO "B80"]
[WhiteElo "1741"]
[BlackElo "1900"]
[PlyCount "90"]
[EventDate "2024.09.05"]
[EventType "team-tourn"]
[EventCountry "HUN"]
[WhiteTeam "Uruguay"]
[BlackTeam "Bangladesh"]
[WhiteTeamCountry "URU"]
[BlackTeamCountry "BAN"]
[TimeControl "40/5400+30:1800+30"]

1. e4 c5 2. Nf3 e6 3. d4 cxd4 4. Nxd4 a6 5. g3 Nf6 6. Bg2 Be7 7. Nc3 Qc7 8. O-O O-O 9. Be3 Nc6 10. f4 d6 11. a4 Na5 12. Bf2 Nc4 13. b3 Na5 14. Qf3 Bd7 15. Rac1 Rac8 16. Nce2 g6 17. c4 e5 18. Nc2 Bg4 19. Qe3 Bxe2 20. Qxe2 Nxb3 21. Rb1 Nc5 22. Rb4 a5 23. Rb5 Nxa4 24. Be1 b6 25. Ne3 Nc5 26. fxe5 dxe5 27. Nd5 Nxd5 28. exd5 f5 29. Bc3 Bd6 30. Rfb1 Na4 31. Bd2 Qxc4 32. Qxc4 Rxc4 33. Be3 f4 34. Bf2 Rfc8 35. Bh3 R8c7 36. Be6+ Kg7 37. Kg2 Rc2 38. Kg1 f3 39. Re1 R7c4 40. Rb3 e4 41. Bd7 Bc5 42. Bxc5 Nxc5 43. Rxb6 f2+ 44. Kf1 fxe1=Q+ 45. Kxe1 Rxh2 {0-} 0-1

[Event "45th FIDE Womens Olympiad 2024"]
[Site "Budapest"]
[Date "2024.09.16"]
[Round "6.169"]
[White "Perez Rodriguez, Jennifer"]
[Black "Chuemsakul, Sarocha"]
[Result "1-0"]
[ECO "A13"]
[WhiteElo "2224"]
[BlackElo "1906"]
[PlyCount "97"]
[EventDate "2024.09.05"]
[EventType "team-tourn"]
[EventCountry "HUN"]
[WhiteTeam "Paraguay"]
[BlackTeam "Thailand"]
[WhiteTeamCountry "PAR"]
[BlackTeamCountry "THA"]
[TimeControl "40/5400+30:1800+30"]

1. Nf3 Nf6 2. c4 c5 3. b3 e6 4. Bb2 Nc6 5. e3 d5 6. cxd5 exd5 7. Bb5 Be7 8. O-O O-O 9. d4 Be6 10. Nc3 Rc8 11. dxc5 Bxc5 12. Na4 Be7 13. Rc1 a6 14. Bxc6 Rxc6 15. Rxc6 bxc6 16. Qd3 Qc8 17. Rc1 Ne4 18. Qd4 Bf6 19. Qb6 Bxb2 20. Rxc6 Qxc6 21. Qxc6 Rc8 22. Qxc8+ Bxc8 23. Nxb2 Nc3 24. a4 Bf5 25. Nd4 Bb1 26. Kf1 Kf8 27. Ke1 Ne4 28. f3 Nc5 29. Kd2 Bg6 30. Kc3 Ne6 31. a5 Ke7 32. Na4 Kd6 33. b4 Nc7 34. Nc5 f6 35. Kb3 h6 36. g4 Bh7 37. f4 g6 38. Nb7+ Kd7 39. Ka4 Bg8 40. b5 axb5+ 41. Kb4 Bf7 42. Nc5+ Kd6 43. Nxb5+ Nxb5 44. Kxb5 Be8+ 45. Kb6 g5 46. fxg5 fxg5 47. a6 d4 48. exd4 Bc6 49. Nb7+ 1-0

[Event "45th FIDE Womens Olympiad 2024"]
[Site "Budapest"]
[Date "2024.09.16"]
[Round "6.170"]
[White "Prommuang, Araya"]
[Black "Vargas, Gabriela"]
[Result "0-1"]
[ECO "B01"]
[WhiteElo "1753"]
[BlackElo "2109"]
[PlyCount "104"]
[EventDate "2024.09.05"]
[EventType "team-tourn"]
[EventCountry "HUN"]
[WhiteTeam "Thailand"]
[BlackTeam "Paraguay"]
[WhiteTeamCountry "THA"]
[BlackTeamCountry "PAR"]
[TimeControl "40/5400+30:1800+30"]

1. e4 d5 2. exd5 Nf6 3. d4 Bg4 4. Nf3 Qxd5 5. Nc3 Qh5 6. Be2 Nc6 7. Bb5 e6 8. Qd3 Bxf3 9. gxf3 Bb4 10. Bd2 O-O 11. Bxc6 bxc6 12. O-O-O Qa5 13. Ne4 Nxe4 14. Bxb4 Qg5+ 15. Qe3 Qxe3+ 16. fxe3 Nf2 17. Bxf8 Kxf8 18. Rhf1 Nxd1 19. Rxd1 Rb8 20. c4 Ke7 21. Kc2 f5 22. Rg1 Kf6 23. b3 g5 24. h4 gxh4 25. f4 a5 26. Rg5 a4 27. Rh5 axb3+ 28. axb3 Kg6 29. Rxh4 h5 30. Rh3 Rh8 31. Rh4 Ra8 32. Kd3 Ra1 33. Rh2 Rd1+ 34. Ke2 Rb1 35. Kf3 Rxb3 36. Rg2+ Kf6 37. c5 Rb8 38. Kg3 Rg8+ 39. Kh3 Rg4 40. Ra2 Ke7 41. Rg2 Kd7 42. Kh2 Kc8 43. Rb2 h4 44. Rg2 Kb7 45. Kh3 Rxg2 46. Kxg2 Ka6 47. Kh3 Kb5 48. Kxh4 Kc4 49. Kg3 Kc3 50. Kg2 Kc2 51. Kg3 Kd1 52. Kf3 Ke1 {0-} 0-1

[Event "45th FIDE Womens Olympiad 2024"]
[Site "Budapest"]
[Date "2024.09.16"]
[Round "6.171"]
[White "Montiel Caceres, Helen"]
[Black "Mekarapiruk, Nathasha"]
[Result "1-0"]
[ECO "D36"]
[WhiteElo "1864"]
[BlackElo "1728"]
[PlyCount "145"]
[EventDate "2024.09.05"]
[EventType "team-tourn"]
[EventCountry "HUN"]
[WhiteTeam "Paraguay"]
[BlackTeam "Thailand"]
[WhiteTeamCountry "PAR"]
[BlackTeamCountry "THA"]
[TimeControl "40/5400+30:1800+30"]

1. d4 d5 2. c4 e6 3. Nc3 Nf6 4. cxd5 exd5 5. Bg5 Be7 6. e3 c6 7. Bd3 Nbd7 8. Qc2 O-O 9. Nf3 Re8 10. O-O h6 11. Bh4 Ne4 12. Bxe4 Bxh4 13. Bh7+ Kh8 14. Nxh4 Qxh4 15. Bd3 Nf6 16. Rae1 Be6 17. f3 Rad8 18. Qf2 Qxf2+ 19. Kxf2 Re7 20. Re2 Rde8 21. Rc1 Rc8 22. Na4 Ne8 23. g4 Nd6 24. Nc5 g6 25. Bb1 Kg7 26. Nd3 Rh8 27. Nf4 h5 28. gxh5 g5 29. Rg1 Kh6 30. Nd3 Bf5 31. Ne5 Bxb1 32. Rxb1 Kxh5 33. Ree1 f6 34. Ng4 Kg6 35. Rbd1 f5 36. Ne5+ Kf6 37. Rh1 Reh7 38. Kg2 Rh3 39. b3 Nf7 40. Nd7+ Ke7 41. Nc5 Nd6 42. Rde1 Kf7 43. a4 Kg6 44. Nd3 Kf6 45. Ne5 Kg7 46. b4 R3h6 47. Rc1 a6 48. Rc5 Rf8 49. Re1 f4 50. e4 dxe4 51. fxe4 Re8 52. Ng4 Rg6 53. Kf3 Nf7 54. b5 cxb5 55. axb5 b6 56. Rc7 a5 57. e5 Kf8 58. Rec1 Re7 59. Rxe7 Kxe7 60. d5 Nh6 61. Nf6 Ng8 62. d6+ Kd8 63. Nd5 Re6 64. Nxb6 Ne7 65. Ke4 a4 66. dxe7+ Kxe7 67. Nxa4 Kf7 68. Rc7+ Ke8 69. b6 Kd8 70. Rh7 Kc8 71. b7+ Kb8 72. Nc5 Re8 73. Na6+ 1-0

[Event "45th FIDE Womens Olympiad 2024"]
[Site "Budapest"]
[Date "2024.09.16"]
[Round "6.172"]
[White "Khantree, Napat"]
[Black "Mayeregger Gonzalez, Fiorella Allegra"]
[Result "0-1"]
[ECO "D31"]
[WhiteElo "1711"]
[BlackElo "1796"]
[PlyCount "74"]
[EventDate "2024.09.05"]
[EventType "team-tourn"]
[EventCountry "HUN"]
[WhiteTeam "Thailand"]
[BlackTeam "Paraguay"]
[WhiteTeamCountry "THA"]
[BlackTeamCountry "PAR"]
[TimeControl "40/5400+30:1800+30"]

1. d4 d5 2. c4 e6 3. Nf3 a6 4. cxd5 exd5 5. Nc3 Be7 6. Bf4 Nf6 7. h3 O-O 8. e3 Nbd7 9. Bd3 b6 10. O-O Bb7 11. Qc2 c5 12. dxc5 bxc5 13. Rfd1 h6 14. Rac1 Rc8 15. b3 d4 16. Ne4 Nd5 17. Nd6 Bxd6 18. Bxd6 Re8 19. exd4 Nb4 20. Bh7+ Kh8 21. Qf5 Be4 22. Qxf7 Bxh7 23. dxc5 Bg8 24. Qf4 Nxa2 25. Ra1 Nc3 26. Re1 Ne2+ 27. Rxe2 Rxe2 28. Nd4 Re8 29. c6 Nf8 30. c7 Qd7 31. Rxa6 Ne6 32. Qf5 Bh7 33. Qg4 h5 34. Qh4 Nxc7 35. Bxc7 Qxc7 36. Ne6 Qe5 37. f4 Qe3+ {0-} 0-1